 Dungeon Crawl Stone Soup version 0.21.1-1-g345015fe64 (webtiles) character file.

938 Htamos the Conjurer (level 8, -1/46 HPs)
             Began as an Octopode Wizard on July 17, 2018.
             Was a Follower of Sif Muna.
             Slain by an ice beast (8 damage)
             ... on level 5 of the Dungeon.
             The game lasted 00:12:47 (6877 turns).

Htamos the Conjurer (Octopode Wizard)               Turns: 6877, Time: 00:12:48

Health: -1/46      AC:  1    Str: 12    XL:     8   Next: 12%
Magic:  0/17       EV: 13    Int: 22    God:    Sif Muna [*.....]
Gold:   159        SH:  0    Dex: 10    Spells: 15/19 levels left

rFire    . . .     SeeInvis .   o - +1 dagger (venom)
rCold    . . .     Gourm    .   (no shield)
rNeg     . . .     Faith    .   a - +0 hat
rPois    .         Spirit   +   m - amulet of guardian spirit
rElec    .         Reflect  .   (no ring)
rCorr    .         Harm     .   (no ring)
MR       .....                  (no ring)
Stlth    +++.......             (no ring)
HPRegen  0.15/turn              (no ring)
MPRegen  0.15/turn              (no ring)
                                (no ring)
                                (no ring)

@: mighty
A: almost no armour, stealthy swim, amphibious, 8 rings, constrict 8, camouflage
1, gelatinous body 1
a: Divine Energy, Renounce Religion


You were on level 5 of the Dungeon.
You worshipped Sif Muna.
Sif Muna was aware of your devotion.
You were not hungry.

You visited 2 branches of the dungeon, and saw 6 of its levels.

You collected 159 gold pieces.

Inventory:

Hand Weapons
 e - a +0 halberd
 j - a +0 dagger of holy wrath
 o - a +1 dagger of venom (weapon)
Armour
 a - a +0 hat (worn)
Jewellery
 m - an amulet of guardian spirit (around mantle)
 p - an uncursed ring of ice {unknown}
 q - a cursed amulet of inaccuracy {unknown}
Wands
 v - a wand of random effects (31)
Scrolls
 f - a scroll of enchant weapon {unknown}
 k - a scroll of magic mapping {unknown}
 r - 3 scrolls of random uselessness {unknown}
 s - 3 scrolls of amnesia {unknown}
 w - a scroll of teleportation {unknown}
 x - 2 scrolls of immolation {unknown}
 y - 2 scrolls of remove curse {unknown}
Potions
 d - 2 potions of might
 h - 2 potions of magic
 i - a potion of haste
 n - 2 potions of degeneration
 u - a potion of flight {unknown}
Books
 b - a book of Minor Magic

   Spells                             Type                      Level
   a - Magic Dart                     Conjuration                  1
   b - Blink                          Translocation                2
   c - Call Imp                       Summoning                    2
   d - Slow                           Hexes                        2
   e - Conjure Flame                  Conjuration/Fire             3
   f - Mephitic Cloud                 Conjuration/Poison/Air       3
Comestibles
 c - 2 rations
 g - 6 chunks of flesh


   Skills:
 - Level 2.0 Dodging
 - Level 2.6 Stealth
 + Level 6.2 Spellcasting
 + Level 6.7 Conjurations
   Level 1.0 Summonings
   Level 1.0 Translocations


You had 15 spell levels left.
You knew the following spells:

 Your Spells              Type           Power        Failure   Level  Hunger
a - Magic Dart            Conj           ####         1%          1    None
b - Mephitic Cloud        Conj/Pois/Air  ###.....     11%         3    #......


Dungeon Overview and Level Annotations

Branches:
Dungeon (5/15)             Temple (1/1) D:4

Altars:
Ashenzari
Cheibriados
Dithmenos
Elyvilon
Fedhas
Gozag
Hepliaklqana
Kikubaaqudgha
Nemelex Xobeh
Okawaru
Ru
Sif Muna
Trog
Uskayaw
Vehumet
Wu Jian
Xom
Yredelemnul
Zin
The Shining One


Innate Abilities, Weirdness & Mutations

You cannot wear most types of armour.
You are very stealthy in the water. (Stealth+)
You are amphibious.
You can wear up to eight rings at the same time.
You can use your tentacles to constrict eight enemies at once.
Your skin changes colour to match your surroundings (Stealth+).
Your rubbery body absorbs attacks. (AC +1, EV +1)


Message History

You feel very mighty all of a sudden. The ice beast hits you.
The ice beast freezes you!
* * * LOW MAGIC WARNING * * *;
* * * LOW HITPOINT WARNING * * *
Okay, then.
You hit the ice beast.
The ice beast is poisoned.
The ice beast is moderately wounded.
The ice beast barely misses you.
You barely miss the ice beast. Your squeeze misses the ice beast.
The ice beast is heavily wounded.
The ice beast hits you.
* * * LOW MAGIC WARNING * * *;
* * * LOW HITPOINT WARNING * * *
The ice beast freezes you!
* * * LOW MAGIC WARNING * * *;
* * * LOW HITPOINT WARNING * * *
You hit the ice beast but do no damage.
The ice beast is heavily wounded.
The ice beast hits you.
* * * LOW MAGIC WARNING * * *;
* * * LOW HITPOINT WARNING * * *
The ice beast freezes you!
* * * LOW MAGIC WARNING * * *
You die...

#.# #.# #.# #.# #. #.######
####### #.##......# #.....#
#.#...###.# #.###.# #.#.#.#
#.########.# .# #.#.#.#
#....@Y....# #.# #.#.#.#
############ #.# ####.#.#.### #.#
...........# #.# ...........# #.#
####.#.#...########### #.#
.....................# #.#
...........#########.####.#######
#########..# #.............


You could see an ice beast.

Vanquished Creatures
  Grinder (D:5)
  A sky beast (D:4)
  An ogre (D:5)
  A centaur (D:4)
  A bullfrog (D:4)
  A scorpion (D:5)
  A human zombie (D:4)
  A hound (D:5)
  An orc priest (D:5)
  Jessica (D:2)
  Terence (D:2)
  A bullfrog skeleton (D:4)
  6 gnolls
  7 adders
  An ooze (D:1)
  2 worms (D:5)
  2 leopard geckos
  10 orcs
  5 bats
  5 giant cockroaches
  7 hobgoblins
  7 jackals
  6 kobolds
  5 quokkas
  2 ball pythons
  6 frilled lizards
  5 goblins
  A goblin skeleton (D:4)
  A quokka skeleton (D:4)
  8 rats
98 creatures vanquished.

Vanquished Creatures (others)
  A butterfly (D:4)
1 creature vanquished.

Grand Total: 99 creatures vanquished

Notes
Turn   | Place    | Note
-------+----------+-------------------------------------------
     0 | D:1      | Htamos the Octopode Wizard began the quest for the Orb.
     0 | D:1      | Reached XP level 1. HP: 11/11 MP: 4/4
   327 | D:1      | Reached XP level 2. HP: 15/17 MP: 1/6
   736 | D:1      | Reached XP level 3. HP: 21/21 MP: 4/7
  1358 | D:2      | Reached XP level 4. HP: 10/27 MP: 1/8
  2088 | D:2      | Noticed Jessica
  2115 | D:2      | Killed Jessica
  2153 | D:2      | Noticed Terence
  2161 | D:2      | Killed Terence
  2161 | D:2      | Reached XP level 5. HP: 26/31 MP: 7/10
  3478 | D:4      | Found a runed door.
  3478 | D:4      | Noticed a human
  3499 | D:4      | Reached XP level 6. HP: 19/36 MP: 1/12
  3707 | D:4      | Found a basalt altar of Yredelemnul.
  3767 | D:4      | Found a shimmering altar of Xom.
  3818 | D:4      | Reached skill level 5 in Conjurations
  3909 | D:4      | Found a staircase to the Ecumenical Temple.
  3937 | Temple   | Entered the Ecumenical Temple
  4101 | Temple   | Became a worshipper of Sif Muna the Loreminder
  4541 | D:4      | Found a faded altar of an unknown god.
  4541 | D:4      | Found a white marble altar of Elyvilon.
  4546 | D:4      | Found a faded altar of an unknown god.
  4548 | D:4      | Found a basalt altar of Yredelemnul.
  4550 | D:4      | Found a hide-covered altar of Uskayaw.
  4632 | D:5      | Entered Level 5 of the Dungeon
  4632 | D:5      | Noticed a sky beast
  4971 | D:4      | Killed a sky beast
  4971 | D:4      | Reached skill level 5 in Spellcasting
  4971 | D:4      | Reached XP level 7. HP: 11/41 MP: 4/14
  6119 | D:5      | Noticed Grinder
  6127 | D:5      | Paralysed by Grinder for 6 turns
  6382 | D:5      | Killed Grinder
  6382 | D:5      | Reached * piety under Sif Muna
  6518 | D:5      | Learned a level 3 spell: Mephitic Cloud
  6612 | D:5      | Reached XP level 8. HP: 39/46 MP: 14/17
  6877 | D:5      | Slain by an ice beast

Skill      XL: |  1  2  3  4  5  6  7 |
---------------+----------------------+-----
Conjurations   | 2 3 4 5 6 |  6.7
Spellcasting   | 4 5 6 |  6.2
Dodging        | |  2.0
Stealth        | |  2.6
Summonings     | |  1.0
Translocations | |  1.0

Action                   |  1- 3 |  4- 6 |  7- 9 || total
-------------------------+-------+-------+-------++-------
Melee: Unarmed           |    17 |       |       ||    17
       Constrict         |     6 |    19 |    11 ||    36
       Tentacles         |     3 |     7 |    14 ||    24
       Halberd           |     8 |     3 |       ||    11
       Dagger            |       |    79 |    64 ||   143
 Cast: Magic Dart        |    54 |   105 |    31 ||   190
  Use: Scroll            |     1 |       |     4 ||     5
       Potion            |       |     1 |     6 ||     7
 Stab: Sleeping          |       |       |     1 ||     1
  Eat: Chunk             |     1 |    10 |       ||    11
       Ration            |       |       |     2 ||     2
Armor: Skin              |       |     4 |     4 ||     8
Dodge: Dodged            |    18 |    47 |    49 ||   114
